 Dungeon Crawl Stone Soup version 0.30-a0-711-gf4ac18a38d (webtiles) character file.

Game seed: 11138660521949831027

91693 ragingrage the Fencer (level 16, -10/108 HPs)
             Began as an Octopode Chaos Knight on Jan 22, 2023.
             Was a Plaything of Xom.
             Mangled by a catoblepas (15 damage)
             ... led by Polyphemus
             ... on level 2 of the Shoals.
             The game lasted 00:50:49 (31536 turns).

ragingrage the Fencer (Octopode Chaos Knight)      Turns: 31536, Time: 00:50:50

Health: -10/108    AC:  5    Str: 16    XL:     16   Next: 4%
Magic:  16/16      EV: 25    Int: 14    God:    Xom [......]
Gold:   1053       SH:  4    Dex: 33    Spells: 9/15 levels left

rFire   . . .      SeeInvis +    b - +27 heavy crossbow "Sniper" {heavy, Acc+∞ SInv}
rCold   . . .      Faith    .    (shield currently unavailable)
rNeg    . . .      Spirit   .    (helmet restricted)
rPois   .          Reflect  .    o - amulet of the acrobat
rElec   .          Harm     .    d - ring of willpower
rCorr   .          Rampage  .    f - +6 ring of dexterity
Will    ++...                    s - +6 ring of dexterity
Stlth   +++++++                  x - +4 ring of slaying
HPRegen 0.38/turn                Q - +4 ring of protection
MPRegen 0.15/turn                U - ring of wizardry
                                 X - +6 ring of dexterity
                                 (no ring)

@: lethally poisoned (-10 -> -22), unable to read, unable to drink
A: almost no armour, amphibious, 8 rings, camouflage 1, gelatinous body 1,
(nimble swimmer 1), tentacles, large bone plates 1, clumsy 1, strong 1,
inability to drink after injury 1, inability to read after injury 1
a: Renounce Religion


You were on level 2 of the Shoals.
You worshipped Xom.
You were a very special plaything of Xom.
You visited 5 branches of the dungeon, and saw 24 of its levels.
You also visited: Ossuary.

You collected 2904 gold pieces.
You spent 1851 gold pieces at shops.

Inventory:

Hand Weapons
 a - a +2 great sword of freezing
 b - the +27 heavy crossbow "Sniper" (weapon) {heavy, Acc+∞ SInv}
   (You bought it in a shop on level 1 of the Shoals)

   Acc+∞: It never misses its target.
   SInv:      It lets you see invisible.
 c - a +2 rapier of venom
 P - a +1 great sword of protection
Missiles
 G - 3 curare-tipped darts
 K - 4 silver boomerangs
 S - 3 throwing nets
Jewellery
 d - a ring of willpower (left tentacle)
 f - a +6 ring of dexterity (right tentacle)
 o - an amulet of the acrobat (around mantle)
 s - a +6 ring of dexterity (on tentacle)
 x - a +4 ring of slaying (on tentacle)
 Q - a +4 ring of protection (on tentacle)
 U - a ring of wizardry (on tentacle)
 X - a +6 ring of dexterity (on tentacle)
Wands
 y - a wand of flame (10)
 A - a wand of paralysis (10)
 C - a wand of mindburst (10)
 J - a wand of polymorph (6)
 L - a wand of digging (5)
 M - a wand of iceblast (19)
Scrolls
 e - 2 scrolls of brand weapon
 g - a scroll of butterflies
 h - a scroll of acquirement {unknown}
 l - 3 scrolls of enchant weapon
 n - 2 scrolls of amnesia
 p - 4 scrolls of vulnerability
 t - 6 scrolls of teleportation
 w - 2 scrolls of enchant armour {unknown}
 D - 4 scrolls of fear
 E - 4 scrolls of immolation
 F - a scroll of poison
 I - 4 scrolls of fog
 O - 3 scrolls of magic mapping
 R - 2 scrolls of silence
 W - 2 scrolls of blinking
 Z - 2 scrolls of torment
Potions
 i - 8 potions of heal wounds
 j - 8 potions of mutation
 m - 5 potions of haste
 q - 5 potions of lignification
 r - a potion of magic
 u - 3 potions of resistance
 v - 6 potions of flight
 z - 18 potions of curing
 B - 3 potions of attraction
 N - 7 potions of might
 T - a potion of berserk rage {unknown}
 V - a potion of ambrosia {unknown}
 Y - 3 potions of brilliance
Miscellaneous
 k - a piece from Xom's chessboard (15/15)
 H - a lightning rod (4/4)


   Skills:
 - Level 9.0 Fighting
 - Level 20.0 Long Blades
 - Level 10.0 Dodging
 - Level 12.0 Stealth
 + Level 8.8 Transmutations
 + Level 8.8 Earth Magic
 - Level 5.0 Evocations


You had 9 spell levels left.
You knew the following spells:

 Your Spells              Type           Power      Damage    Failure   Level
a - Statue Form           Tmut/Erth      16%        N/A       41%         6

Your spell library contained the following spells:

 Spells                   Type           Power      Damage    Failure   Level
 Lee's Rapid Deconstruct  Erth           12%        3d8*      9%          5
 Scorch                   Fire           0%         2d5       17%         2
 Leda's Liquefaction      Hex/Erth       6%         N/A       19%         4
 Dazzling Flash           Conj/Hex       0%         N/A       32%         3
 Flame Wave               Conj/Fire      0%         2d4       71%         4
 Iskenderun's Mystic Bla  Conj/Tloc      0%         2d3       71%         4
 Conjure Ball Lightning   Conj/Air       0%         3x3d6     100%        6
 Starburst                Conj/Fire      0%         6d3       100%        6
 Summon Cactus Giant      Summ           0%         N/A       100%        6
 Discord                  Hex            0%         N/A       100%        8
 Disjunction              Tloc           0%         N/A       100%        8


Dungeon Overview and Level Annotations

Branches:
Dungeon (14/15)            Temple (1/1) D:5            Lair (5/5) D:9
 Shoals (2/4) Lair:3        Snake (0/4) Lair:2        Slime (0/5) Lair:4
    Orc (2/2) D:11            Elf (0/3) Orc:2        Vaults (0/5) D:14
Ossuary (visited)

Altars:
Ashenzari
Cheibriados
Dithmenos
Elyvilon
Fedhas
Gozag
Hepliaklqana
Kikubaaqudgha
Makhleb
Nemelex Xobeh
Okawaru
Qazlal
Ru
Sif Muna
Trog
Uskayaw
Vehumet
Wu Jian
Xom
Yredelemnul
Zin
The Shining One
Jiyva

Shops:
Orc:1 *   Orc:2 *!*[:   Shoals:1 **

Portals:
Pandemonium: Orc:2

Annotations:
D:12 exclusion: downstairs
D:13 1 runed translucent door, b0rk's ghost, journeyman HOBe
Lair:3 exclusion: downstairs
Lair:4 exclusion: downstairs
Shoals:2 Aizul; Polyphemus
Orc:1 exclusion: downstairs


Innate Abilities, Weirdness & Mutations

You cannot wear most types of armour.
You are amphibious.
You can wear up to eight rings at the same time.
Your skin changes colour to match your surroundings (Stealth+).
Your rubbery body absorbs attacks. (AC +1, EV +1)
((You are camouflaged when in or above water. (Stealth+)))
You have tentacles for arms and can constrict up to eight enemies at once.
You are partially covered in large bone plates. (SH +4)
You are clumsy. (Dex -2)
Your muscles are strong. (Str +4, Int/Dex -1)
You occasionally lose the ability to drink potions when taking damage.
You occasionally lose the ability to read scrolls when taking damage.


Message History

There is a stone staircase leading down here.
You climb downwards.
There is a stone staircase leading up here.
Your +2 great sword of freezing stops glowing.
b - the +27 heavy crossbow "Sniper" (weapon)
{heavy, Acc+∞ SInv}
Found a stone staircase leading down.
Polyphemus the Watchful Shepherd comes into view.
You shoot a bolt. The bolt hits Polyphemus!!!
Polyphemus is heavily wounded.
You hear a shout! x2
A centaur warrior comes into view.
Aizul the Neglectful Guardian comes into view.
A merfolk comes into view. It is wielding a +0 trident.
A catoblepas comes into view.
Aizul says, "I wasn't actually sleeping!"
An alligator snapping turtle comes into view.
A death yak comes into view.
The centaur warrior moves out of view.
Aizul casts a spell at you. The bolt of poison hits you!!!
You are poisoned.
The merfolk hits the plant with a +0 trident!
The plant begins to die.
Polyphemus throws a large rock.
The large rock completely misses you.
The large rock hits the plant!!
The plant begins to die.
You feel very sick.
Aizul coils herself and waves her upper body at you.
The poison arrow hits you!!!
You are more poisoned.
You feel threatened and lose the ability to read scrolls!
* * * LOW HITPOINT WARNING * * *
Polyphemus throws the catoblepas at you!
You shoot a bolt. The bolt hits the catoblepas!
The catoblepas is lightly wounded.
* * * LOW HITPOINT WARNING * * *
You feel extremely sick. The catoblepas gores you!
You feel threatened and lose the ability to drink potions!
You die...
Xom thinks this is hilarious!

##.~ c~. ##..##
≈≈~. ....##≈≈P.
#.CP.P.~~.
....PP.P.
#...P....
##S>.P....
#...PmP~P~
##@.~~~~~~ P~
####Y.~~~~~~
~~..###P#.P.~~~~~~
~PPPPPP<....~~~~~~
~~PPPPP...~~~~≈≈~P
P.P###PP~~~~~~≈≈≈~
P #PP.~~PPP≈≈≈≈
.P~~..PPP≈≈≈≈≈
~...P~.~~P≈≈≈≈≈


You could see Polyphemus, Aizul, a catoblepas and a merfolk.

Vanquished Creatures
  Saint Roka (Orc:1)
  Rupert (Lair:5)
  A kraken (Shoals:1)
  Frances (Shoals:1)
  An orc warlord (Orc:2)
  A spark wasp (Shoals:1)
  Snorg (Orc:2)
  Harold (D:10)
  Erolcha (Orc:2)
  4 centaur warriors
  A demonspawn (Orc:2)
  3 catoblepae (Lair:4)
  4 two-headed ogres
  5 death yaks (D:9)
  7 orc high priests
  A sea snake (shapeshifter) (D:10)
  9 harpies
  4 orc knights (Orc:2)
  8 orc sorcerers
  19 ugly things
  2 deep elf pyromancers
  5 cyclopes
  7 manticores
  4 fauns (Shoals:1)
  A salamander (D:8)
  A centaur zombie (D:8)
  2 merfolk sirens (Shoals:1)
  16 elephants
  A rust devil (Orc:2)
  3 black mambas
  2 centaur skeletons (D:8)
  11 cane toads
  A gargoyle (D:10)
  An orange demon (Orc:2)
  3 rime drakes (Lair:5)
  8 komodo dragons
  Psyche (D:11)
  A redback zombie (D:8)
  4 merfolk (Shoals:1)
  2 meliai (D:13)
  2 hellwings
  A hornet (Lair:3)
  3 polar bears (Lair:5)
  5 trolls
  A harpy zombie (D:8)
  Grinder (D:3)
  2 wind drakes (Shoals:1)
  A queen bee (D:13)
  Prince Ribbit (D:8)
  11 blink frogs
  A dream sheep (Lair:5)
  A meliai zombie (D:8)
  10 slime creatures
  Sigmund (D:2)
  A spriggan (Lair:3)
  Grum (D:11)
  4 wraiths
  A vampire (D:13)
  A water elemental (Shoals:1)
  2 basilisks
  29 yaks
  3 wyverns
  Eustachio (D:5)
  3 steam dragons
  Menkaure (D:7)
  A naga (Lair:2)
  5 vampire mosquitoes
  6 wargs (Orc:1)
  6 water moccasins
  4 acid dragons
  A sky beast (D:8)
  A black bear (Lair:1)
  45 orc warriors
  8 ogres
  26 wolves
  8 centaurs
  11 bullfrogs
  A gnoll sergeant (D:9)
  A scorpion (D:5)
  A wight (D:9)
  12 killer bees
  11 electric eels
  2 howler monkeys
  A hound (D:7)
  32 orc priests
  4 jellies
  Ijyb (D:5)
  An iguana (D:6)
  24 orc wizards
  A boggart simulacrum (D:14)
  4 mummies (Ossuary)
  10 adders
  2 shadow imps (D:8)
  A white imp (D:6)
  5 worms
  2 dart slugs
  85 orcs
  9 ball pythons
  9 bats
  8 endoplasms
  4 giant cockroaches
  9 goblins
  11 hobgoblins
  10 jackals
  6 kobolds
  4 quokkas
  4 frilled lizards
  6 gnoll skeletons (Ossuary)
  6 gnoll zombies (Ossuary)
  4 goblin skeletons (Ossuary)
  3 goblin zombies (Ossuary)
  6 hobgoblin skeletons (Ossuary)
  6 hobgoblin zombies (Ossuary)
  3 kobold skeletons (Ossuary)
  2 kobold zombies (Ossuary)
  4 orc skeletons (Ossuary)
  5 orc zombies (Ossuary)
  8 rats
  2 rat skeletons (Ossuary)
  3 rat zombies (Ossuary)
  A tentacle (Shoals:1)
694 creatures vanquished.

Vanquished Creatures (collateral kills)
  Maggie (D:6)
  A steam dragon (D:6)
  A black bear (D:4)
  A wolf (Lair:3)
4 creatures vanquished.

Vanquished Creatures (others)
  A dancing weapon (Lair:3)
  An orc sorcerer (Orc:1)
  A yak (Lair:5)
  An orc wizard (Orc:2)
  A jackal zombie (D:4)
  2 bushes
  13 fungi
  60 plants
  11 tentacles (Shoals:1)
  10 withered plants (D:8)
101 creatures vanquished.

Grand Total: 799 creatures vanquished

Notes
Turn   | Place    | Note
-------+----------+-------------------------------------------
     0 | D:1      | ragingrage the Octopode Chaos Knight began the quest for
                  | the Orb.
     0 | D:1      | Reached XP level 1. HP: 16/16 MP: 1/1
    45 | D:1      | XOM: divination: detect items
    77 | D:1      | Reached skill level 1 in Stealth
    88 | D:1      | Reached XP level 2. HP: 18/21 MP: 2/2
   277 | D:1      | Found a faded altar of an unknown god.
   352 | D:1      | Reached XP level 3. HP: 26/26 MP: 3/3
   560 | D:1      | Reached skill level 4 in Long Blades
   764 | D:2      | XOM: divination: magic mapping
   900 | D:2      | XOM: noise
  1004 | D:2      | Noticed Sigmund
  1004 | D:2      | XOM: divination: magic mapping
  1016 | D:2      | XOM: divination: magic mapping
  1140 | D:3      | Reached XP level 4. HP: 20/31 MP: 4/4
  1410 | D:3      | XOM: 4-stop teleportation journey
  1416 | D:3      | XOM: 1-stop teleportation journey
  1807 | D:3      | Noticed Grinder
  1903 | D:4      | Reached XP level 5. HP: 36/36 MP: 5/5
  1937 | D:4      | Reached skill level 5 in Long Blades
  1998 | D:4      | XOM: silly message
  2086 | D:4      | XOM: 3-stop teleportation journey
  2140 | D:4      | Noticed a black bear
  2143 | D:4      | Found a radiant altar of Vehumet.
  2289 | D:2      | Killed Sigmund
  2290 | D:2      | Reached skill level 6 in Long Blades
  2290 | D:2      | Reached XP level 6. HP: 42/42 MP: 6/6
  2327 | D:2      | XOM: butterfly on damage
  2331 | D:2      | Reached skill level 5 in Stealth
  2964 | D:3      | XOM: torment (22/42 hp)
  3045 | D:3      | Killed Grinder
  3046 | D:3      | Reached XP level 7. HP: 44/46 MP: 7/7
  3102 | D:4      | Reached skill level 7 in Long Blades
  3273 | D:4      | Found a glowing silver altar of Zin.
  3353 | D:5      | Entered Level 5 of the Dungeon
  3353 | D:5      | Found a staircase to the Ecumenical Temple.
  3386 | Temple   | Entered the Ecumenical Temple
  3608 | D:5      | Noticed Ijyb
  3627 | D:5      | Noticed Eustachio
  3769 | D:4      | XOM: scenery: create altars
  3771 | D:4      | XOM: summons friendly soul eater
  3771 | D:4      | XOM: smoke on damage
  3858 | D:5      | XOM: confuse monster(s)
  3891 | D:5      | Killed Ijyb
  3985 | D:5      | Reached XP level 8. HP: 52/52 MP: 8/8
  3995 | D:5      | Reached skill level 8 in Long Blades
  4094 | D:5      | XOM: enchant monster (good)
  4101 | D:5      | Killed Eustachio
  4191 | D:5      | XOM: god gift: ring mail {god gift}
  4275 | D:5      | Found a snail-covered altar of Cheibriados.
  4284 | D:5      | XOM: god gift: +0 great sword of protection
  4373 | D:5      | XOM: give mutation
  4373 | D:5      | Gained mutation: Your muscles are strong. (Str +4, Int/Dex
                  | -1) [Xom's grace]
  4384 | D:5      | XOM: god gift: runed rapier {god gift}
  4405 | D:5      | XOM: noise
  4727 | D:6      | XOM: summons friendly crimson imp
  4734 | D:6      | XOM: enchant monster (good)
  4825 | D:6      | Noticed Maggie
  4899 | D:6      | XOM: give mutations
  4899 | D:6      | Gained mutation: You occasionally shout uncontrollably at
                  | your foes. [Xom's mischief]
  4899 | D:6      | Lost mutation: Your muscles are strong. (Str +4, Int/Dex
                  | -1) [Xom's mischief]
  4899 | D:6      | Gained mutation: You are dopey. (Int -2) [Xom's mischief]
  4899 | D:6      | Gained mutation: You occasionally lose the ability to read
                  | scrolls when taking damage. [Xom's mischief]
  4923 | D:6      | XOM: god gift: lightning rod (4/4)
  5005 | D:6      | XOM: god gift: 2 smoky emerald potions {god gift}
  5057 | D:6      | Killed Maggie
  5058 | D:6      | Reached skill level 9 in Long Blades
  5470 | D:6      | XOM: god gift: javelin
  5487 | D:6      | Identified the +4 mace "Bega" {vamp, Stlth+}
  5492 | D:6      | Found a shimmering altar of Xom.
  5502 | D:6      | Found a basalt altar of Yredelemnul.
  5526 | D:6      | XOM: god gift: chain mail {god gift}
  5576 | D:6      | XOM is BORED!
  5576 | D:6      | XOM: give mutations
  5576 | D:6      | Gained mutation: You are clumsy. (Dex -2) [Xom's mischief]
  5576 | D:6      | Gained mutation: You are very clumsy. (Dex -4) [Xom's
                  | mischief]
  5576 | D:6      | Gained mutation: You do not regenerate when monsters are
                  | visible. [Xom's mischief]
  5669 | D:6      | XOM: scenery: create altars
  5802 | D:6      | XOM: confuse monster(s)
  5809 | D:6      | Reached XP level 9. HP: 56/56 MP: 9/9
  5845 | D:6      | XOM: fog
  5848 | D:6      | XOM: god gift: 2 stones
  5852 | D:6      | Reached skill level 10 in Long Blades
  5917 | D:6      | XOM: give mutations
  5917 | D:6      | Gained mutation: You expend magic power (3 MP) to
                  | strengthen your wands. [Xom's grace]
  5917 | D:6      | Gained mutation: Your muscles are strong. (Str +4, Int/Dex
                  | -1) [Xom's grace]
  5917 | D:6      | Gained mutation: Your spells are a little harder to cast,
                  | but a little more powerful. [Xom's grace]
  5917 | D:6      | Gained mutation: You passively dampen the noise of your
                  | surroundings. [Xom's grace]
  6169 | D:6      | XOM: god gift: smoky emerald potion {god gift}
  6509 | D:6      | XOM: scenery: 4 doors close
  7019 | D:7      | Found a shadowy altar of Dithmenos.
  7019 | D:7      | Found an iron altar of Okawaru.
  7171 | D:7      | XOM: 1-stop teleportation journey
  7230 | D:7      | XOM: scenery: create altars
  7407 | D:7      | Found a broken altar of Ashenzari.
  7467 | D:7      | XOM: summons friendly white imp
  7472 | D:7      | Reached skill level 11 in Long Blades
  7557 | D:7      | Noticed Menkaure
  7562 | D:7      | Killed Menkaure
  7625 | D:7      | XOM: scenery: create altars
  7687 | D:7      | XOM: cleaving
  7811 | D:8      | Found a sand-covered staircase.
  7817 | D:8      | a yak changed into a salamander
  7817 | D:8      | Noticed a salamander
  7817 | D:8      | XOM: polymorph yak -> salamander
  7819 | D:8      | XOM: potion effect (haste)
  7824 | D:8      | Killed a salamander
  7825 | D:8      | Reached skill level 12 in Long Blades
  7836 | D:8      | Reached XP level 10. HP: 35/63 MP: 10/10
  7837 | D:8      | XOM: cast spell 'Cause Fear'
  7844 | D:8      | HP: 3/63 [yak (16)]
  7850 | Ossuary  | Entered an ossuary
  8256 | Ossuary  | XOM: 6-stop teleportation journey
  8522 | D:8      | Reached skill level 13 in Long Blades
  8899 | D:8      | XOM: summons 6 hostile demons
  9030 | D:8      | XOM: stat loss: -1 Str (15/16)
  9227 | D:8      | XOM: summons 6 hostile demons
  9245 | D:9      | XOM: stealth player
  9489 | D:8      | Reached skill level 14 in Long Blades
  9681 | D:8      | XOM: blink monster(s)
  9682 | D:8      | XOM: god gift: brown potion {god gift}
  9700 | D:8      | XOM: enchant monster (good)
  9947 | D:8      | Noticed Prince Ribbit
  9957 | D:8      | Killed Prince Ribbit
  9969 | D:8      | XOM: silly message
 10177 | D:8      | Reached skill level 15 in Long Blades
 10243 | D:8      | XOM: cloud trail
 10280 | D:9      | XOM: scenery: create altars
 10337 | D:9      | Reached XP level 11. HP: 54/67 MP: 11/11
 10686 | D:9      | XOM: god gift: 807 gold pieces
 10790 | D:9      | XOM: smoke on damage
 11274 | D:9      | Found a staircase to the Lair.
 11274 | D:9      | Noticed a death yak
 11274 | D:9      | Noticed a death yak
 11293 | D:9      | XOM: summons 2 friendly demons
 11300 | D:9      | XOM: summons 2 friendly demons
 11301 | D:9      | XOM: summons 2 friendly demons
 11309 | D:9      | Killed a death yak
 11310 | D:9      | Reached skill level 1 in Evocations
 11333 | D:9      | Noticed a death yak
 11333 | D:9      | Noticed a death yak
 11333 | D:9      | Noticed a death yak
 11333 | D:9      | XOM: 3-stop teleportation journey
 11431 | D:10     | Entered Level 10 of the Dungeon
 11502 | D:10     | XOM: 3-stop teleportation journey
 11511 | D:10     | Noticed a deep elf pyromancer
 11514 | D:10     | Killed a deep elf pyromancer
 11602 | D:10     | XOM is BORED!
 11602 | D:10     | XOM: torment (35/67 hp)
 11744 | D:10     | Noticed Harold
 11750 | D:10     | Killed Harold
 11809 | D:10     | XOM: fog
 11810 | D:10     | Reached skill level 10 in Stealth
 11941 | D:10     | XOM: summons friendly white imp
 12056 | D:10     | Found a white marble altar of Elyvilon.
 12094 | D:9      | Noticed a two-headed ogre
 12100 | D:9      | Killed a two-headed ogre
 12101 | D:9      | Reached skill level 16 in Long Blades
 12356 | D:9      | XOM: cloud trail
 12381 | D:9      | XOM: fog
 12401 | D:9      | Killed a death yak
 12499 | D:9      | XOM: destruction
 12607 | D:10     | XOM: silly message
 12728 | D:10     | Noticed a moth of wrath
 12732 | D:10     | Found a bloodstained altar of Trog.
 12768 | D:10     | XOM: divination: detect creatures
 12781 | D:10     | XOM: 1-stop teleportation journey
 12783 | D:10     | a moth of wrath changed into a swamp drake
 12783 | D:10     | XOM: polymorph moth of wrath -> swamp drake
 12784 | D:10     | XOM: enchant monster (good)
 12872 | D:10     | XOM: scenery: summon butterflies
 12977 | D:10     | Noticed a two-headed ogre
 12978 | D:10     | a two-headed ogre changed into a glowing shapeshifter
 12978 | D:10     | Noticed a glowing shapeshifter (glowing shapeshifter)
 12978 | D:10     | XOM: polymorph two-headed ogre -> glowing shapeshifter
 12978 | D:10     | a glowing shapeshifter changed into a sea snake
 12978 | D:10     | Noticed a sea snake (glowing shapeshifter)
 12985 | D:10     | Killed a sea snake
 13104 | D:10     | XOM: 2-stop teleportation journey
 13256 | D:11     | Noticed Grum
 13264 | D:11     | XOM: noise
 13279 | D:11     | Found a glowing golden altar of the Shining One.
 13381 | D:11     | Noticed a cyclops
 13401 | D:11     | Killed a cyclops
 13447 | D:11     | XOM: 3-stop teleportation journey
 13507 | D:11     | Found a staircase to the Orcish Mines.
 13557 | D:11     | Noticed a two-headed ogre
 13562 | D:11     | Killed a two-headed ogre
 13563 | D:11     | Reached XP level 12. HP: 72/72 MP: 12/12
 13616 | D:11     | Noticed a two-headed ogre
 13649 | D:11     | Killed Grum
 13654 | D:11     | Killed a two-headed ogre
 13655 | D:11     | Reached skill level 5 in Evocations
 13659 | D:11     | XOM: stat loss: -1 Int (11/12)
 13848 | D:11     | Noticed Psyche
 13856 | D:11     | Killed Psyche
 14029 | D:11     | XOM: give mutations
 14029 | D:11     | Gained mutation: You frequently scream uncontrollably at
                  | your foes. [Xom's mischief]
 14029 | D:11     | Lost mutation: You do not regenerate when monsters are
                  | visible. [Xom's mischief]
 14041 | D:11     | XOM: noise
 14384 | Lair:1   | Entered Level 1 of the Lair of Beasts
 14475 | Lair:1   | Reached skill level 17 in Long Blades
 14553 | Lair:1   | XOM: chaos cloud
 14995 | Lair:1   | XOM: give mutations
 14995 | Lair:1   | Lost mutation: You are dopey. (Int -2) [Xom's grace]
 14995 | Lair:1   | Lost mutation: You are very clumsy. (Dex -4) [Xom's grace]
 15465 | Lair:1   | XOM: polymorph water moccasin -> basilisk
 15474 | Lair:1   | XOM: torment (37/72 hp)
 15483 | Lair:1   | XOM: destruction
 15484 | Lair:1   | XOM: cast spell 'Cause Fear'
 15819 | Lair:1   | XOM: divine lightning
 15822 | Lair:1   | Reached skill level 5 in Dodging
 15929 | Lair:2   | XOM: noise
 15969 | Lair:2   | Found a blossoming altar of Fedhas.
 16021 | Lair:2   | XOM is BORED!
 16087 | Lair:2   | Found a staircase to the Snake Pit.
 16277 | Lair:2   | Reached skill level 18 in Long Blades
 16487 | Lair:2   | Reached XP level 13. HP: 60/77 MP: 13/13
 16610 | Lair:2   | XOM: summons 7 hostile demons
 16866 | Lair:3   | Found a staircase to the Shoals.
 16932 | Lair:3   | XOM: give mutations
 16932 | Lair:3   | Gained mutation: You possess an exceptional clarity of
                  | mind. [Xom's grace]
 16932 | Lair:3   | Gained mutation: Your spells are harder to cast, but more
                  | powerful. [Xom's grace]
 16932 | Lair:3   | Gained mutation: Your flesh is cold resistant. (rC+) [Xom's
                  | grace]
 17165 | Lair:3   | XOM: confuse monster(s)
 17171 | Lair:3   | XOM: cast spell 'Alistair's Intoxication'
 17392 | Lair:3   | XOM: cloud trail
 17812 | Lair:4   | XOM: give mutations
 17812 | Lair:4   | Gained mutation: You are resistant to electric shocks.
                  | (rElec) [Xom's grace]
 17812 | Lair:4   | Gained mutation: Your flesh is very cold resistant. (rC++)
                  | [Xom's grace]
 17882 | Lair:4   | Found a viscous altar of Jiyva.
 17882 | Lair:4   | Found a staircase to the Slime Pits.
 18042 | Lair:4   | XOM: scenery: 1 doors open
 18188 | Lair:4   | XOM: give mutation
 18188 | Lair:4   | Lost mutation: Your flesh is very cold resistant. (rC++)
                  | [Xom's mischief]
 18242 | Lair:4   | XOM: scenery: 1 doors open
 18402 | Lair:4   | XOM: god gift: potion of curing
 18518 | Lair:4   | Identified the +1 robe "Reikkail" {rF+}
 18620 | Lair:4   | Reached skill level 19 in Long Blades
 18641 | Lair:4   | XOM: summons 2 friendly demons
 18644 | Lair:4   | XOM: smoke on damage
 18713 | Lair:4   | XOM: god gift: potion of heal wounds
 18785 | Lair:4   | XOM: god gift: cyan potion {god gift}
 19173 | Lair:5   | Entered Level 5 of the Lair of Beasts
 19261 | Lair:5   | XOM: enchant monster (good)
 19265 | Lair:5   | XOM: polymorph elephant -> dream sheep
 19365 | Lair:5   | XOM: polymorph cane toad -> polar bear
 19549 | Lair:5   | XOM: fog
 19674 | Lair:5   | XOM: divination: detect creatures
 19679 | Lair:5   | XOM: destruction
 19747 | Lair:5   | XOM: destruction
 19752 | Lair:5   | XOM: confuse monster(s)
 19767 | Lair:5   | XOM: divination: detect creatures
 19773 | Lair:5   | XOM: divination: detect items
 19795 | Lair:5   | Noticed Rupert
 19811 | Lair:5   | Killed Rupert
 19823 | Lair:5   | Reached XP level 14. HP: 83/83 MP: 14/14
 20092 | Lair:5   | XOM: 4-stop teleportation journey
 20093 | Lair:5   | XOM: give mutations
 20093 | Lair:5   | Lost mutation: You are resistant to electric shocks.
                  | (rElec) [Xom's mischief]
 20093 | Lair:5   | Lost mutation: Your flesh is cold resistant. (rC+) [Xom's
                  | mischief]
 20097 | Lair:5   | XOM: enchant monster (bad)
 20125 | Lair:5   | XOM: 1-stop teleportation journey
 20130 | Lair:5   | XOM: summons 3 hostile shadow creatures
 20340 | Lair:5   | Reached skill level 20 in Long Blades
 20480 | Lair:5   | XOM: god gift: staff of fire
 20481 | Lair:5   | XOM: blink monster(s)
 20511 | Lair:5   | Noticed a dire elephant
 20519 | Lair:4   | XOM: fog
 20673 | D:9      | XOM: summons 1 hostile demon
 20803 | D:9      | XOM: give mutations
 20803 | D:9      | Lost mutation: You frequently scream uncontrollably at your
                  | foes. [Xom's mischief]
 20803 | D:9      | Lost mutation: Your spells are harder to cast, but more
                  | powerful. [Xom's mischief]
 20803 | D:9      | Gained mutation: You are very clumsy. (Dex -4) [Xom's
                  | mischief]
 20803 | D:9      | Lost mutation: Your spells are a little harder to cast, but
                  | a little more powerful. [Xom's mischief]
 20952 | D:10     | Reached skill level 10 in Dodging
 21137 | D:10     | XOM: silly message
 21210 | Orc:1    | Entered Level 1 of the Orcish Mines
 21211 | Orc:1    | XOM: noise
 21240 | D:11     | Learned a level 6 spell: Statue Form
 21407 | Orc:1    | Found Dyzogrick's General Store.
 21414 | Orc:1    | XOM: scenery: summon butterflies
 21516 | D:11     | XOM: scenery: summon butterflies
 21682 | D:11     | XOM: god gift: +4 falchion of freezing
 21697 | Orc:1    | XOM: divine lightning
 21705 | Orc:1    | Bought a scroll of teleportation for 45 gold pieces
 21793 | Orc:1    | Reached skill level 1 in Transmutations
 21793 | Orc:1    | Reached skill level 1 in Earth Magic
 22241 | Orc:1    | XOM: give mutations
 22241 | Orc:1    | Gained mutation: One of your tentacles bears a spike.
                  | [Xom's grace]
 22241 | Orc:1    | Gained mutation: You are partially covered in large bone
                  | plates. (SH +4) [Xom's grace]
 22326 | Orc:2    | Entered Level 2 of the Orcish Mines
 22347 | Orc:2    | Noticed Saint Roka
 22483 | Orc:2    | XOM: scenery: summon butterflies
 22519 | D:12     | XOM: destruction
 22536 | D:12     | Reached skill level 5 in Fighting
 22824 | D:12     | XOM: give mutation
 22824 | D:12     | Lost mutation: One of your tentacles bears a spike. [Xom's
                  | mischief]
 22840 | D:12     | XOM: confuse monster(s)
 22921 | D:13     | XOM: potion effect (invisibility)
 23253 | D:13     | XOM: polymorph meliai -> queen bee
 23644 | D:13     | XOM: god gift: 37 gold pieces
 23775 | D:13     | Found a runed translucent door.
 23777 | D:13     | Noticed b0rk's ghost (journeyman HOBe)
 23829 | D:14     | XOM is BORED!
 23829 | D:14     | XOM: 2-stop teleportation journey
 23865 | D:13     | XOM: give mutations
 23865 | D:13     | Gained mutation: You have very sharp teeth. [Xom's grace]
 23865 | D:13     | Gained mutation: Your mind is acute. (Int +4, Str/Dex -1)
                  | [Xom's grace]
 23912 | D:13     | XOM: potion effect (heal wounds)
 24137 | D:13     | XOM: silly message
 24305 | D:14     | XOM: summons friendly iron imp
 24309 | D:14     | XOM: enchant monster (good)
 24318 | D:14     | XOM: chaos upgrade
 24321 | D:14     | XOM: summons friendly quasit
 24323 | D:14     | XOM: polymorph quasit -> iron imp
 24324 | D:14     | XOM: enchant monster (bad)
 24402 | D:13     | XOM: summons 2 hostile demons
 24505 | D:14     | XOM: blink monster(s)
 24595 | D:13     | XOM: silly message
 24690 | D:14     | XOM: silly message
 24850 | D:14     | XOM: enchant monster (good)
 25048 | D:14     | Reached XP level 15. HP: 97/97 MP: 15/15
 25146 | D:14     | Identified the +4 pair of gloves of Reuse {*Corrode rElec
                  | rPois SInv}
 25319 | D:14     | XOM: confuse monster(s)
 25329 | D:14     | XOM: potion effect (brilliance)
 25354 | D:14     | XOM: blink monster(s)
 25482 | D:14     | XOM: repel stairs
 25487 | D:14     | XOM: smoke on damage
 25712 | D:13     | XOM: give mutation
 25712 | D:13     | Lost mutation: You occasionally shout uncontrollably at
                  | your foes. [Xom's mischief]
 25889 | D:14     | Reached skill level 5 in Transmutations
 25889 | D:14     | Reached skill level 5 in Earth Magic
 26004 | D:14     | XOM: noise
 26133 | D:14     | Found a gate to the Vaults.
 26225 | D:12     | XOM: give mutations
 26225 | D:12     | Lost mutation: You passively dampen the noise of your
                  | surroundings. [Xom's mischief]
 26225 | D:12     | Lost mutation: You expend magic power (3 MP) to strengthen
                  | your wands. [Xom's mischief]
 26225 | D:12     | Lost mutation: You have very sharp teeth. [Xom's mischief]
 26225 | D:12     | Gained mutation: Your muscles are very strong. (Str +8,
                  | Int/Dex -2) [Xom's mischief]
 26315 | D:10     | XOM: draining
 26363 | Orc:2    | XOM: confuse monster(s)
 26365 | Orc:2    | Noticed an orc warlord
 26371 | Orc:1    | XOM: smoke on damage
 26383 | Orc:1    | Killed Saint Roka
 26736 | Orc:1    | XOM: give mutation
 26736 | Orc:1    | Gained mutation: You are somewhat resistant to further
                  | mutation. [Xom's grace]
 26986 | Orc:2    | XOM: summons friendly white imp
 27077 | Orc:1    | XOM: god gift: 3 scrolls of fear
 27114 | Orc:2    | XOM: summons 4 hostile shadow creatures
 27244 | Orc:1    | XOM: blink monster(s)
 27470 | Orc:2    | Killed an orc warlord
 27475 | Orc:2    | Noticed Erolcha
 27481 | Orc:2    | XOM: summons friendly shadow imp
 27491 | Orc:2    | XOM: noise
 27560 | Orc:2    | XOM: silly message
 27563 | Orc:2    | Killed Erolcha
 27563 | Orc:2    | XOM: summons 4 hostile shadow creatures
 27564 | Orc:2    | XOM: noise
 27673 | Orc:2    | XOM: blink monster(s)
 27711 | Orc:2    | Found a staircase to the Elven Halls.
 27736 | Orc:2    | XOM: give mutations
 27736 | Orc:2    | Lost mutation: You are very clumsy. (Dex -4) [Xom's
                  | mischief]
 27736 | Orc:2    | Gained mutation: You occasionally lose the ability to drink
                  | potions when taking damage. [Xom's mischief]
 27826 | Orc:2    | Found Doack's General Store.
 27833 | Orc:2    | Bought a scroll of teleportation for 39 gold pieces
 28238 | Orc:2    | XOM: give mutations
 28238 | Orc:2    | Lost mutation: You are clumsy. (Dex -2) [Xom's mischief]
 28238 | Orc:2    | Lost mutation: You possess an exceptional clarity of mind.
                  | [Xom's mischief]
 28242 | Orc:2    | Noticed Snorg
 28254 | Orc:2    | Killed Snorg
 28278 | Orc:2    | Found Cihuqewa's Distillery.
 28280 | Orc:2    | Found Higraikiets's General Store.
 28403 | Orc:2    | Bought a potion of brilliance for 56 gold pieces
 28403 | Orc:2    | Bought a potion of heal wounds for 70 gold pieces
 28403 | Orc:2    | Bought a potion of heal wounds for 70 gold pieces
 28410 | Orc:2    | Bought a potion of attraction for 42 gold pieces
 28410 | Orc:2    | Bought 2 potions of might for 112 gold pieces
 28464 | Orc:2    | XOM: potion effect (heal wounds)
 28588 | Orc:2    | XOM: cloud trail
 28765 | Orc:2    | XOM: silly message
 28774 | Orc:2    | XOM: summons 4 hostile shadow creatures
 29378 | Orc:2    | XOM: summons 8 hostile demons
 29614 | Orc:2    | XOM: draining
 29624 | Orc:2    | XOM: summons 9 friendly demons
 29809 | Orc:2    | XOM: smoke on damage
 29817 | Orc:2    | Found Egraohedd's Antique Armour Boutique.
 29817 | Orc:2    | Found Fain's Book Shop.
 29818 | Orc:2    | Found a one-way gate leading to the halls of Pandemonium.
 30142 | D:14     | XOM is BORED!
 30142 | D:14     | XOM: give mutations
 30142 | D:14     | Lost mutation: You are somewhat resistant to further
                  | mutation. [Xom's mischief]
 30142 | D:14     | Gained mutation: You are clumsy. (Dex -2) [Xom's mischief]
 30142 | D:14     | Lost mutation: Your mind is acute. (Int +4, Str/Dex -1)
                  | [Xom's mischief]
 30142 | D:14     | Lost mutation: Your muscles are very strong. (Str +8,
                  | Int/Dex -2) [Xom's mischief]
 30393 | Shoals:1 | Entered Level 1 of the Shoals
 30401 | Shoals:1 | XOM: 1-stop teleportation journey
 30589 | Shoals:1 | Noticed Frances
 30597 | Shoals:1 | Killed Frances
 30605 | Shoals:1 | XOM: polymorph water nymph -> spark wasp
 30945 | Shoals:1 | Found Hocvac's General Store.
 30960 | Shoals:1 | Found Fuschu's Specific Store.
 30967 | Shoals:1 | Bought a scroll of blinking for 112 gold pieces
 30967 | Shoals:1 | Bought a scroll of fear for 60 gold pieces
 30967 | Shoals:1 | Bought a scroll of teleportation for 45 gold pieces
 30967 | Shoals:1 | Bought the +27 heavy crossbow "Sniper" {heavy, Acc+∞ SInv}
                  | for 1200 gold pieces
 30967 | Shoals:1 | Found the +27 heavy crossbow "Sniper" {heavy, Acc+∞ SInv}
 30977 | Shoals:1 | Noticed a kraken
 30998 | Shoals:1 | XOM: repel stairs
 31010 | Shoals:1 | Killed a kraken
 31046 | Shoals:1 | XOM: torment (52/101 hp)
 31091 | Shoals:1 | XOM: summons 8 hostile demons
 31181 | Shoals:1 | XOM: 8-stop teleportation journey
 31225 | Shoals:1 | Reached XP level 16. HP: 108/108 MP: 16/16
 31341 | Shoals:1 | XOM: summons 2 hostile shadow creatures
 31405 | Shoals:1 | XOM: summons 2 hostile shadow creatures
 31428 | Shoals:1 | XOM: noise
 31532 | Shoals:2 | Noticed Polyphemus
 31533 | Shoals:2 | Noticed Aizul
 31536 | Shoals:2 | HP: 5/108 [poisoned by Aizul (poison arrow)]
 31536 | Shoals:2 | Mangled by a catoblepas

Illustrated notes

Levels and vault maps discovered:
D:1:      matt_arrival_grand_opening, layout_loops_ring, basic_ecumenical_altar,
          dk_noncrumbling_3
D:2:      cheibrodos_old_hovel, layout_rooms, feat_on_display, uniq_sigmund
D:3:      layout_basic, minmay_misc_feat_pillars,
          chequers_serial_rivers_small_3, roderic_lattice_a, uniq_grinder
D:4:      layout_cave_pools, marbit_many_paths, lemuel_round_altar
D:5:      layout_rooms, kennysheep_little_box, minmay_temple_entry_stoned_glass,
          hangedman_decor_slide_cut, nrook_pool_corridor,
          chequers_serial_rivers_large_b, hangedman_glass_teeth, uniq_ijyb,
          uniq_eustachio
D:6:      cheibrodos_steamvent, layout_layer_cave,
          chequers_temple_overflow_statue_of_worship, mrwooster_statue_mirror,
          kennysheep_big_empty_room, uniq_maggie
D:7:      layout_basic, evilmike_ruin_ashenzari,
          gammafunk_temple_overflow_elements, uniq_menkaure
D:8:      cheibrodos_grave_circle, layout_basic, chequers_ossuary_entry_cave,
          uniq_prince_ribbit1
D:9:      layout_basic, dpeg_lair_monsters, st_stairs_11
D:10:     layout_loops_corners, nicolae_elyvilon_peaceful_grove, tgw_trog,
          kennysheep_boxes, uniq_harold
D:11:     layout_loops_ring, orc_0_dummy, serial_park_tiny_2, tso_oasis_becter,
          uniq_psyche, uniq_grum
D:12:     layout_cross
D:13:     layout_irregular_city, ebering_ghost_reflecting_pool,
          hangedman_decor_opposing
D:14:     layout_long_grid, david_vaults_2, solitary_fountain,
          amcnicky_mini_pool_medium
Temple:   nicolae_temple_x_marks_the_god
Lair:1:   layout_cave_pods
Lair:2:   layout_regular_city, guppyfry_snake_entry_garden, basic_altar
Lair:3:   layout_small_grid, nicolae_shoals_entry_roost,
          grunt_forest_large_clearings
Lair:4:   nzn_motion_control, layout_regular_city,
          nicolae_slime_entry_slimehenge
Lair:5:   gammafunk_lair_ancient_temple, layout_regular_city,
          nicolae_lair_time_for_slime, uniq_rupert
Shoals:1: cheibrodos_shoals_epimethial_gifts, layout_shoals,
          nicolae_specific_store, uniq_frances
Shoals:2: layout_shoals, nicolae_shoals_hidden_pirate_stash, uniq_polyphemus,
          uniq_aizul, uniq_ilsuiw
Orc:1:    nicolae_orc_accident_2, layout_caves, serial_shops,
          nicolae_shop_trees, nooodl_orcs_dogs
Orc:2:    pf_orc_diabolical, layout_caves, serial_shops, shop, uniq_snorg,
          uniq_erolcha, uniq_saint_roka

Skill      XL: |  1  2  3  4  5  6  7  8  9 10 11 12 13 14 15 |
---------------+----------------------------------------------+-----
Stealth        | 1 2 3 4 5 7 9 11 12 | 12.0
Long Blades    | 4 6 7 9 12 15 16 18 19 20 | 20.0
Evocations     | 4 5 |  5.0
Dodging        | 6 8 10 | 10.0
Transmutations | 4 8 |  8.8
Earth Magic    | 4 8 |  8.8
Fighting       | 7 9 |  9.0

Action                     |  1- 3 |  4- 6 |  7- 9 | 10-12 | 13-15 | 16-18 || total
---------------------------+-------+-------+-------+-------+-------+-------++-------
  Melee: Falchion          |    74 |    67 |     9 |       |       |       ||   150
         Constrict         |    22 |    18 |    19 |    56 |   141 |     5 ||   261
         Tentacles         |     8 |    14 |    17 |    92 |   195 |     7 ||   333
         Short sword       |       |     9 |     3 |       |       |       ||    12
         Punch             |       |     1 |       |     8 |    13 |     1 ||    23
         Great sword       |       |       |    84 |   371 |   773 |    18 ||  1246
         Rapier            |       |       |     1 |    15 |    25 |       ||    41
         Bite              |       |       |       |       |    22 |       ||    22
         Kick              |       |       |       |       |    14 |       ||    14
   Fire: Shortbow          |       |    32 |    58 |   164 |    85 |       ||   339
         Longbow           |       |       |       |       |    57 |       ||    57
         Heavy crossbow    |       |       |       |       |     7 |     3 ||    10
  Throw: Dart              |       |       |       |     6 |     3 |       ||     9
         Throwing net      |       |       |       |       |     4 |       ||     4
         Boomerang         |       |       |       |       |     2 |       ||     2
  Evoke: Piece from Xom's  |       |     2 |    10 |    10 |     6 |       ||    28
         Lightning rod     |       |       |     1 |       |     7 |       ||     8
         Wand              |       |       |       |     2 |     6 |       ||     8
    Use: Scroll            |       |       |       |    16 |    13 |     1 ||    30
         Potion            |       |       |       |     3 |     7 |       ||    10
   Stab: Sleeping          |     8 |     3 |     4 |    23 |    16 |       ||    54
         Distracted        |     1 |     1 |       |     4 |     1 |       ||     7
         Petrified         |       |     2 |     2 |       |       |       ||     4
         Confused          |       |       |     1 |       |     4 |       ||     5
         Paralysed         |       |       |     1 |     1 |     1 |       ||     3
         Held in net/web   |       |       |       |       |     2 |       ||     2
 Armour: Skin              |     4 |     5 |    21 |    75 |   109 |       ||   214
  Dodge: Dodged            |    59 |    85 |    74 |   248 |   778 |    37 ||  1281
  Block: Other             |       |       |       |       |    81 |     4 ||    85

Table legend: (Time is in decaauts)
 A = Elapsed time spent in this place.
 B = Non-inter-level travel time spent in this place.
 C = Inter-level travel time spent in this place.
 D = Time resting spent in this place.
 E = Time spent auto-exploring this place.
 F = Levels seen in this place.
 G = Mean time per level.
                   A        B        C        D        E       F      G
               +--------+--------+--------+--------+--------+-----+--------+
         Total |  31337 |  29459 |   1878 |  10388 |  13107 |  25 | 1253.5 |
       Dungeon |  18800 |  17567 |   1233 |   5900 |   8385 |  14 | 1342.9 |
        Temple |     58 |     51 |      7 |      0 |     46 |   1 |   58.0 |
          Lair |   6284 |   5852 |    432 |   1743 |   2878 |   5 | 1256.8 |
        Shoals |   1142 |   1142 |      0 |    412 |    469 |   2 |  571.0 |
  Orcish Mines |   4370 |   4165 |    205 |   2136 |   1135 |   2 | 2185.0 |
       Ossuary |    680 |    680 |      0 |    195 |    194 |   1 |  680.0 |
               +--------+--------+--------+--------+--------+-----+--------+

Top non-repeatable levels by time:
   Orc:2: 2439 daAuts
     D:9: 2180 daAuts
     D:6: 2053 daAuts
   Orc:1: 1931 daAuts
    D:10: 1894 daAuts
    D:13: 1857 daAuts
     D:8: 1694 daAuts
  Lair:1: 1617 daAuts
  Lair:4: 1542 daAuts
    D:14: 1494 daAuts
    D:11: 1439 daAuts
     D:7: 1186 daAuts
  Lair:5: 1172 daAuts
Shoals:1: 1128 daAuts
     D:3: 1103 daAuts
